 Dungeon Crawl Stone Soup version 0.22-a0-803-gd6d8abe (webtiles) character file.

216 Amnesiac the Digger (level 5, 0/35 HPs)
             Began as a Mummy Earth Elementalist on July 22, 2018.
             Was a Follower of Sif Muna.
             Slain by an orc warrior
             ... wielding a +0 battleaxe
              (17 damage)
             ... on level 3 of the Dungeon.
             The game lasted 00:06:35 (2870 turns).

Amnesiac the Digger (Mummy Earth Elementalist)      Turns: 2870, Time: 00:06:36

Health: 0/35       AC:  3    Str: 11    XL:     5   Next: 61%
Magic:  0/11       EV: 27    Int: 15    God:    Sif Muna [*.....]
Gold:   118        SH:  0    Dex: 13    Spells: 3/13 levels left

rFire    x . .     SeeInvis .   f - +0 dagger
rCold    + . .     Gourm    .   (no shield)
rNeg     + + +     Faith    .   c - +0 robe
rPois    ∞         Spirit   .   (no helmet)
rElec    .         Reflect  .   n - +0 cloak
rCorr    .         Harm     .   (no gloves)
MR       .....                  (no boots)
Stlth    +++.......             k - amulet of the acrobat
HPRegen  0.11/turn              o - ring of stealth
MPRegen  0.12/turn              (no ring)

@: very slightly contaminated, no casting
A: no food or potions, fire vulnerability, cold resistance 1, negative energy
resistance 3, torment resistance, unbreathing
a: Stop Divine Energy, Renounce Religion


You were on level 3 of the Dungeon.
You worshipped Sif Muna.
Sif Muna was aware of your devotion.
You were not hungry.

You visited 1 branch of the dungeon, and saw 4 of its levels.

You collected 118 gold pieces.

Inventory:

Hand Weapons
 f - a +0 dagger (weapon)
Missiles
 b - 29 stones (quivered)
Armour
 c - a +0 robe (worn)
 e - a +0 buckler
 n - a +0 cloak (worn)
Jewellery
 k - an amulet of the acrobat (around neck)
 o - a ring of stealth (left hand)
Scrolls
 a - 4 scrolls of remove curse {!r, unknown}
 h - 2 scrolls of noise {!r}
 i - a scroll of magic mapping {!r}
 j - 4 scrolls of enchant weapon {!r, unknown}
 l - a scroll of teleportation {!r}
 m - a scroll of fog {!r}


   Skills:
 - Level 1.5 Dodging
 - Level 1.5 Stealth
 + Level 4.5 Spellcasting
 - Level 0.7 Transmutations
 * Level 4.6 Earth Magic


You had 3 spell levels left.
You knew the following spells:

 Your Spells              Type           Power        Failure   Level  Hunger
a - Stone Arrow           Conj/Erth      ##....       21%         3    N/A
b - Passwall              Tmut/Erth      ##......     9%          2    N/A
c - Sandblast             Erth           ###...       2%          1    N/A
e - Petrify               Tmut/Erth      ##......     50%         4    N/A

Your spell library contained the following spells:

 Spells                   Type           Power        Failure   Level  Hunger
 Confuse                  Hex            #.......     45%         3    N/A
 Confusing Touch          Hex            #.....       17%         1    N/A
 Metabolic Englaciation   Hex/Ice        #.........   99%         5    N/A
 Lee's Rapid Deconstruct  Erth           ###.......   56%         5    N/A
 Gell's Gravitas          Tloc           #.........   45%         3    N/A
 Yara's Violent Unravell  Hex/Tmut       #.........   99%         5    N/A

Dungeon Overview and Level Annotations

Branches:
Dungeon (4/15)
 Temple: D:4-7

Altars:
Sif Muna

Annotations:
D:3 2 transporters


Innate Abilities, Weirdness & Mutations

You do not eat or drink.
Your flesh is vulnerable to fire.
You are immune to poison.
Your flesh is cold resistant. (rC+)
You are immune to negative energy. (rN+++)
You are immune to unholy pain and torment.
You can survive without breathing.


Message History

You can't see any susceptible monsters within range! (Use Z to cast anyway.)
Casting: Sandblast (safe; 2% risk of failure)
Confirm with . or Enter, or press ? or * to list all spells.
Aiming: Stone Arrow (safe; 21% risk of failure)
Press: ? - help, Shift-Dir - straight line, f - orc warrior
Aim: an orc warrior, wielding a battleaxe and wearing a chain mail (hasn't noticed you)
You miscast Stone Arrow.
You are very lightly contaminated with residual magic.
You are momentarily dazzled by a flash of light!
Casting: Stone Arrow (safe; 21% risk of failure)
Confirm with . or Enter, or press ? or * to list all spells.
Aiming: Stone Arrow (safe; 21% risk of failure)
Press: ? - help, Shift-Dir - straight line, f/p - orc warrior
Aim: an orc warrior, wielding a battleaxe and wearing a chain mail The stone arrow hits the orc warrior.
The orc warrior is lightly wounded.
Casting: Stone Arrow (safe; 21% risk of failure)
Confirm with . or Enter, or press ? or * to list all spells.
Aiming: Stone Arrow (safe; 21% risk of failure)
Press: ? - help, Shift-Dir - straight line, f/p - orc warrior
Aim: an orc warrior, wielding a battleaxe and wearing a chain mail (lightly wounded)
The stone arrow hits the orc warrior.
The orc warrior is moderately wounded.
Unknown command.
Casting: Stone Arrow (safe; 21% risk of failure)
Confirm with . or Enter, or press ? or * to list all spells.
Aiming: Stone Arrow (safe; 21% risk of failure)
Press: ? - help, Shift-Dir - straight line, f/p - orc warrior
Aim: an orc warrior, wielding a battleaxe and wearing a chain mail (moderately wounded)
You miscast Stone Arrow.
You are momentarily dazzled by a flash of light!
Sif Muna grants you divine energy.
You briefly lose access to your magic!
The orc warrior barely misses you.
Unknown command.
You regain access to your magic.
Things that are here:
a ring mail; a club
Casting: Stone Arrow (safe; 21% risk of failure)
Confirm with . or Enter, or press ? or * to list all spells.
Aiming: Stone Arrow (safe; 21% risk of failure)
Press: ? - help, Shift-Dir - straight line, f/p - orc warrior
Aim: an orc warrior, wielding a battleaxe and wearing a chain mail (moderately wounded)
The stone arrow hits the orc warrior.
The orc warrior is severely wounded.
Sif Muna grants you divine energy.
You briefly lose access to your magic!
The orc warrior hits you with a battleaxe!!
Ouch! That really hurt!
* * * LOW HITPOINT WARNING * * *
Unknown command.
There is a stone staircase leading down here.
You regain access to your magic.
Casting: Stone Arrow (safe; 21% risk of failure)
Confirm with . or Enter, or press ? or * to list all spells.
Aiming: Stone Arrow (safe; 21% risk of failure)
Press: ? - help, Shift-Dir - straight line, f/p - orc warrior
Aim: an orc warrior, wielding a battleaxe and wearing a chain mail (severely wounded)
The stone arrow hits the orc warrior.
The orc warrior is almost dead.
Sif Muna grants you divine energy.
You briefly lose access to your magic!
Unknown command.
The orc warrior hits you with a battleaxe!
You die...

#.#.# #...###.####
#.#.###...#......#
#.#...#...#......#
..###.#...'......#
#####.#<.##......#
....#.#.###......# # ###.#.#.#
######## ####.#
###.#.#.##################....#
...........)....@o..>.[....###
###.#.##############.####..#.###
#...........(........# #..#(..#
...........#.........####..#...#
.###...###)'............#..###.#
.# #...# #.#.........##.#......#
.###...###...........##.#)####)#
.....................##.#[# #.##
...........#########[##.#o# #.o<


You could see an orc warrior.

Vanquished Creatures
  An orc priest (D:3)
  3 orc wizards (D:3)
  3 gnolls (D:3)
  An adder (D:3)
  3 worms (D:2)
  4 dart slugs
  3 orcs (D:3)
  5 bats
  2 giant cockroaches
  8 goblins
  2 hobgoblins
  3 kobolds
  2 quokkas (D:3)
  A frilled lizard (D:3)
  6 rats
47 creatures vanquished.

Notes
Turn   | Place    | Note
-------+----------+-------------------------------------------
     0 | D:1      | Amnesiac the Mummy Earth Elementalist began the quest for the Orb.
     0 | D:1      | Reached XP level 1. HP: 13/13 MP: 4/4
   191 | D:3      | Found a transporter.
   195 | D:3      | Noticed a kobold demonologist
   196 | D:3      | Noticed an orc priest
   304 | D:4      | Noticed a worker ant
   312 | D:4      | Found a deep blue altar of Sif Muna.
   316 | D:4      | Became a worshipper of Sif Muna the Loreminder
   486 | D:1      | Reached XP level 2. HP: 16/19 MP: 5/5
   496 | D:1      | Learned a level 2 spell: Passwall
  1423 | D:2      | Reached XP level 3. HP: 24/24 MP: 7/7
  1428 | D:2      | Learned a level 3 spell: Stone Arrow
  1722 | D:2      | Found a faded altar of an unknown god.
  2184 | D:3      | Reached XP level 4. HP: 28/30 MP: 4/9
  2198 | D:3      | Learned a level 4 spell: Petrify
  2287 | D:3      | Reached XP level 5. HP: 35/35 MP: 7/11
  2306 | D:3      | Noticed an orc warrior
  2460 | D:3      | Reached * piety under Sif Muna
  2735 | D:3      | Found a transporter.
  2870 | D:3      | Slain by an orc warrior

Vault maps used:
D:1:      mrwooster_arrival_arrow, kennysheep_decorative_pillar
D:2:      chequers_ecumenical_altar_grove, minmay_tromino_i4
D:3:      gammafunk_wand_slinger, first_ration, minmay_misc_feat_cross
D:4:      kennysheep_mini, elyvilon_altar_4, uniq_menkaure

Skill      XL: |  1  2  3  4 |
---------------+-------------+-----
Spellcasting   | 3 4 |  4.5
Earth Magic    | 3 4 |  4.6
Dodging        | |  1.5
Stealth        | |  1.5
Transmutations | |  0.7

Action                   |  1- 3 |  4- 6 || total
-------------------------+-------+-------++-------
Melee: Unarmed           |    12 |       ||    12
       Dagger            |    91 |     9 ||   100
 Cast: Sandblast         |    28 |    35 ||    63
       Stone Arrow       |       |     4 ||     4
Invok: Divine Energy     |       |     1 ||     1
  Use: Scroll            |     5 |       ||     5
 Stab: Sleeping          |     2 |     1 ||     3
Armor: Robe              |    26 |     5 ||    31
Dodge: Dodged            |    87 |    22 ||   109

Table legend:
 A = Spawn XP
 B = Non-spawn XP
 C = Spawn XP percentage of total XP
 D = Spawn monster count
 E = Non-spawn monster count
 F = Spawn count percentage of total count
 G = Total turns spent on level
                    A         B        C        D         E        F      G
               +---------+---------+-------+---------+---------+-------+---------
         Total |       0 |     309 |   0.0 |       0 |      47 |   0.0 |  2870
               +---------+---------+-------+---------+---------+-------+---------
           D:1 |       0 |      30 |   0.0 |       0 |      15 |   0.0 |   859
           D:2 |       0 |      33 |   0.0 |       0 |      12 |   0.0 |  1075
           D:3 |       0 |     246 |   0.0 |       0 |      20 |   0.0 |   767
               +---------+---------+-------+---------+---------+-------+---------
